 Dungeon Crawl Stone Soup version 0.32-a0-931-g5a2cda0630 (webtiles) character file.

Game seed: 8421880991697275275

14149 Maxmaps the Mimic (level 12, -1/104 HPs)
             Began as an Octopode Monk on Apr 14, 2024.
             Was an Initiate of Gozag.
             Slain by a two-headed ogre
             ... wielding a +0 giant club
              (20 damage)
             ... on level 11 of the Dungeon.
             The game lasted 00:13:19 (9925 turns).

Maxmaps the Mimic (Octopode Monk)                   Turns: 9925, Time: 00:13:20

Health: -1/104     AC: 14    Str: 16    XL:     12   Next: 13%
Magic:  12/12      EV: 11    Int: 17    God:    Gozag
Gold:   1338       SH:  5    Dex: 14    Spells: 11/11 levels left

rFire   . . .        p - melded +2 whip (elec)
rCold   . . .        (shield currently unavailable)
rNeg    . . .        (helmet currently unavailable)
rPois   +            t - amulet of reflection
rElec   .            o - +4 ring of protection
rCorr   .            (no ring)
SInv    .            (no ring)
Will    .....        (no ring)
Stlth   +++          (no ring)
HPRegen 0.37/turn    (no ring)
MPRegen 0.13/turn    (no ring)
                     (no ring)

%: reflection
@: snake-form
A: constrict, boosted hp, almost no armour, amphibious, 8 rings, large,
(camouflage 1), (gelatinous body 1), (nimble swimmer 1), (tentacles)
a: Begin Untransformation, Renounce Religion, Potion Petition, Call Merchant,
Bribe Branch


You were on level 11 of the Dungeon.
You worshipped Gozag.
Gozag was most pleased with you.
You were an enormous serpent.
You visited 2 branches of the dungeon, and saw 12 of its levels.

You collected 1621 gold pieces.
You spent 283 gold pieces at shops.

Inventory:

Hand Weapons
 p - a +2 whip of electrocution (melded)
Missiles
 H - 2 throwing nets (quivered)
Armour
 b - an orb of light
Jewellery
 o - a +4 ring of protection (left tentacle)
 t - an amulet of reflection (around neck)
 C - an amulet of magic regeneration
 F - a ring of fire
 G - a ring of flight
Talismans
 h - a flux talisman
 j - a beast talisman
 v - a serpent talisman (active)
Wands
 e - a wand of paralysis (6)
 n - a wand of flame (31)
 y - a wand of mindburst (26)
 A - a wand of digging (4)
Scrolls
 c - 4 scrolls of noise
 g - 3 scrolls of poison
 k - 3 scrolls of revelation
 l - 3 scrolls of teleportation
 m - 3 scrolls of torment
 r - a scroll of enchant weapon
 I - 2 scrolls of fog
Potions
 a - 3 potions of ambrosia
 d - 4 potions of might
 f - 3 potions of haste
 i - 3 potions of brilliance
 q - 2 potions of degeneration
 s - 2 potions of attraction
 u - 2 potions of cancellation
 w - a potion of resistance
 x - 3 potions of heal wounds
 z - a potion of magic
 B - a potion of berserk rage
 D - a potion of curing
 E - a potion of mutation


   Skills:
 - Level 10.0 Fighting
 - Level 4.1 Maces & Flails
 + Level 6.5 Dodging
 - Level 4.3 Stealth
 - Level 8.6 Unarmed Combat
 - Level 12.4 Shapeshifting


You had 11 spell levels left.
You didn't know any spells.
Your spell library contained the following spells:

 Spells                   Type           Power      Damage    Failure   Level
 Blink                    Tloc           0%         N/A       34%         2
 Cigotuvi's Dreadful Rot  Necr/Alch/Air  0%         N/A       34%         2
 Lesser Beckoning         Tloc           0%         N/A       34%         2
 Momentum Strike          Conj/Tloc      0%         3d8       34%         2
 Maxwell's Portable Pile  Tloc           0%         2d(5-13)  56%         3
 Teleport Other           Tloc           0%         N/A       56%         3
 Dispel Undead            Necr           0%         3d6       93%         4
 Martyr's Knell           Necr/Summ      0%         N/A       93%         4


Dungeon Overview and Level Annotations

Branches:
Dungeon (11/15)            Temple (1/1) D:6             Orc (0/2) D:10
   Lair: D:8-11

Altars:
Ashenzari
Cheibriados
Dithmenos
Elyvilon
Fedhas
Gozag
Hepliaklqana
Kikubaaqudgha
Makhleb
Nemelex Xobeh
Okawaru
Qazlal
Ru
Sif Muna
Trog
Uskayaw
Vehumet
Wu Jian
Xom
Yredelemnul
Zin
The Shining One

Shops:
D:7 *   D:8 :   D:10 *!

Annotations:
D:3 2 transporters, DeathSocks's ghost, amateur VSBr


Innate Abilities, Weirdness & Mutations

You are an enormous serpent.
You have a powerful constriction melee attack.
Your maximum health is increased.
Your armour is entirely melded.
You are incapable of wielding weapons or throwing items.
You cannot wear most types of armour.
You are amphibious.
You can wear up to eight rings at the same time.
((Your skin changes colour to match your surroundings (Stealth+).))
((Your rubbery body absorbs attacks. (AC +1, EV +1)))
((You are camouflaged when in or above water. (Stealth+)))
((You have tentacles for arms and can constrict up to eight enemies at once.))


Message History

You body-slam the cyclops!!
The cyclops is almost dead.
The cyclops hits you!
* * * LOW HITPOINT WARNING * * *
You lash the cyclops!
You kill the cyclops!
You start resting.
Something unseen opens the door.
You start resting.
A two-headed ogre comes into view. It is wielding two +0 giant clubs.
Okay, then.
Okay, then.
You feel much better.
The two-headed ogre shouts in stereo!
You hear a howl!
You lash the two-headed ogre! Your grab misses the two-headed ogre.
The two-headed ogre is moderately wounded.
The two-headed ogre hits you with a +0 giant club!!
The two-headed ogre barely misses you.
You body-slam the two-headed ogre!!
You grab the two-headed ogre.
The two-headed ogre is severely wounded.
You constrict the two-headed ogre. You lash the two-headed ogre!
The two-headed ogre is almost dead.
You constrict the two-headed ogre.
The two-headed ogre hits you with a +0 giant club!
* * * LOW HITPOINT WARNING * * *
The two-headed ogre hits you with a +0 giant club.
* * * LOW HITPOINT WARNING * * *
You hit the two-headed ogre but do no damage.
The two-headed ogre is almost dead.
You constrict the two-headed ogre.
Unknown command.
You hit the two-headed ogre but do no damage.
The two-headed ogre is almost dead.
You constrict the two-headed ogre.
A skeletal warrior comes into view. It is wielding a +0 mace.
The two-headed ogre misses you.
The two-headed ogre hits you with a +0 giant club!!
You die...
Your body crumbles into a pile of gold.

.........###...##...## . #....#
.........##.....##'##.... #....#
..........#...zh..........#....#
..........#....z#####.....#....#
.>.......###...##...##...#####..
...........##.##...:.##.## #...
............#.#.......# # ##..
#########.###.#.$.)...# #. .#
#.#.S$....# ## ##O$...## ##...##
#z## .. ###


You could see a skeletal warrior and a two-headed ogre.

Vanquished Creatures
  2 two-headed ogres
  2 cyclopes (D:11)
  An ugly thing (D:10)
  A manticore (D:11)
  A gargoyle (D:10)
  Jeremiah (D:9)
  A komodo dragon (D:11)
  A troll (D:9)
  A wyvern (D:11)
  A vampire (D:11)
  Grum (D:8)
  A wraith (D:10)
  20 yaks
  A steam dragon (D:9)
  2 water moccasins (D:7)
  A sky beast (D:6)
  4 black bears
  5 orc warriors
  An ice beast (D:5)
  7 centaurs
  2 wolves (D:8)
  3 phantoms
  2 kobold brigands
  A gnoll sergeant (D:10)
  7 bullfrogs
  4 scorpions
  5 killer bees (D:7)
  5 bombardier beetles
  2 howler monkeys
  A hound (D:6)
  6 orc priests
  A jelly (D:7)
  A gnoll bouda (D:9)
  3 sleepcaps
  4 iguanas
  12 orc wizards
  13 gnolls
  10 adders
  A shadow imp (D:5)
  4 ufetubi (D:7)
  A dart slug (D:4)
  2 ribbon worms
  64 orcs
  7 ball pythons
  8 endoplasms
  2 giant cockroaches (D:2)
  12 goblins
  6 hobgoblins
  8 jackals (D:1)
  14 kobolds
  3 quokkas
  A bat (D:1)
  6 frilled lizards
  5 rats
281 creatures vanquished.

Notes
Turn   | Place    | Note
-------+----------+-------------------------------------------
     0 | D:1      | Maxmaps the Octopode Monk began the quest for the Orb.
     0 | D:1      | Reached XP level 1. HP: 16/16 MP: 1/1
    21 | D:1      | Reached skill level 1 in Stealth
    53 | D:1      | Reached XP level 2. HP: 15/21 MP: 2/2
   349 | D:1      | Reached XP level 3. HP: 25/26 MP: 3/3
   713 | D:2      | Reached skill level 1 in Shapeshifting
   827 | D:2      | Reached XP level 4. HP: 20/31 MP: 4/4
  1203 | D:3      | Found a white marble altar of Elyvilon.
  1334 | D:3      | Reached skill level 2 in Shapeshifting
  1415 | D:3      | Found a transporter.
  1426 | D:3      | Noticed DeathSocks's ghost (amateur VSBr)
  1431 | D:3      | Found a transporter.
  1515 | D:3      | Found an ancient bone altar of Kikubaaqudgha.
  1574 | D:3      | Reached XP level 5. HP: 36/36 MP: 5/5
  1706 | D:3      | Found a faded altar of an unknown god.
  2052 | D:4      | Reached XP level 6. HP: 42/42 MP: 6/6
  2340 | D:4      | Reached skill level 3 in Shapeshifting
  2477 | D:4      | Found a sparkling altar of Nemelex Xobeh.
  2564 | D:4      | Found a glowing silver altar of Zin.
  2644 | D:5      | Entered Level 5 of the Dungeon
  3025 | D:5      | Reached XP level 7. HP: 41/46 MP: 7/7
  3030 | D:5      | Reached skill level 4 in Shapeshifting
  3316 | D:5      | Reached skill level 5 in Shapeshifting
  3443 | D:5      | Found a hide-covered altar of Uskayaw.
  3732 | D:5      | Reached skill level 6 in Shapeshifting
  3787 | D:6      | Found a staircase to the Ecumenical Temple.
  3855 | Temple   | Entered the Ecumenical Temple
  3872 | D:6      | Reached XP level 8. HP: 52/52 MP: 8/8
  4099 | D:6      | Reached skill level 7 in Shapeshifting
  4541 | D:6      | Reached skill level 8 in Shapeshifting
  4737 | D:6      | Found a radiant altar of Vehumet.
  5108 | D:7      | Reached XP level 9. HP: 56/56 MP: 9/9
  5139 | D:7      | Reached skill level 9 in Shapeshifting
  5552 | D:7      | Found Quer Raegg's General Store.
  5560 | D:7      | Bought a scroll of identify for 30 gold pieces
  5787 | D:7      | Reached skill level 10 in Shapeshifting
  5946 | D:7      | Reached skill level 12 in Shapeshifting
  5946 | D:7      | Reached XP level 10. HP: 63/63 MP: 10/10
  6481 | D:8      | Found Panuwets's Book Boutique.
  6486 | D:8      | Found an opulent altar of Gozag.
  6501 | D:8      | Became a worshipper of Gozag Ym Sagoz the Greedy
  6665 | D:8      | Noticed Grum
  6676 | D:8      | Killed Grum
  6801 | D:8      | Noticed a two-headed ogre
  6807 | D:8      | Killed a two-headed ogre
  6808 | D:8      | Reached skill level 5 in Fighting
  7266 | D:9      | Noticed Jeremiah
  7393 | D:9      | Killed Jeremiah
  7394 | D:9      | Reached XP level 11. HP: 66/70 MP: 11/11
  7864 | D:9      | Found a shimmering blue altar of Sif Muna.
  8139 | D:10     | Entered Level 10 of the Dungeon
  8198 | D:10     | Found Foheku Ojapu's Distillery.
  8210 | D:10     | Bought a potion of curing for 33 gold pieces
  8210 | D:10     | Bought a potion of mutation for 88 gold pieces
  8210 | D:10     | Bought a potion of brilliance for 44 gold pieces
  8210 | D:10     | Bought a potion of cancellation for 88 gold pieces
  8258 | D:10     | Identified the +10 trident of Risk Management {flame, rN+}
  8260 | D:10     | Found a shadowy altar of Dithmenos.
  8343 | D:10     | Noticed a two-headed ogre
  8357 | D:10     | Killed a two-headed ogre
  8529 | D:10     | Noticed a green ugly thing
  8536 | D:10     | Killed a green ugly thing
  8777 | D:10     | Found a staircase to the Orcish Mines.
  9013 | D:10     | Found Diwkures's CLEARANCE SALE!.
  9091 | D:10     | Reached skill level 10 in Fighting
  9118 | D:10     | Found a sacrificial altar of Ru.
  9256 | D:11     | Noticed a cyclops
  9272 | D:11     | Killed a cyclops
  9520 | D:11     | Reached skill level 5 in Dodging
  9571 | D:11     | Reached XP level 12. HP: 86/87 MP: 12/12
  9918 | D:11     | Noticed a two-headed ogre
  9925 | D:11     | Slain by a two-headed ogre

Illustrated notes

Levels and vault maps discovered:
D:1:      nicolae_arrival_memento_mori, layout_basic
D:2:      layout_basic
D:3:      minmay_general_purpose_star, layout_basic,
          mainiacjoe_overflow_six_doors_small, mainiacjoe_overflow_brackets,
          chequers_ecumenical_altar_lobes, gammafunk_ghost_arena,
          lightli_corner_chamber
D:4:      kennysheep_six_static_rooms, layout_cave_pools,
          nemelex_spade_bored_becter, lemuel_round_altar
D:5:      layout_cave_pools, kennysheep_mini, serial_bayou,
          serial_bayou_shore_a, serial_bayou_shore_b, serial_bayou_lake_a,
          serial_bayou_pond_d, dreamdust_princess_corridor
D:6:      layout_cave_pods, mainiacjoe_overflow_alcove_4,
          minmay_temple_entry_antechambers
D:7:      layout_basic, serial_shops, nicolae_shop_trees
D:8:      layout_loops_ring, grunt_gozag_breadcrumbs, serial_shops, shop,
          uniq_grum
D:9:      layout_cave_pools, nicolae_sif_muna_little_library, uniq_jeremiah
D:10:     layout_basic, nicolae_ru_the_path_less_chosen, lemuel_crystal_altar,
          hiddenorc2_lemuel, serial_shops, shop, hangedman_decor_riveting,
          minivault_10, nicolae_shop_clearance
D:11:     minmay_octagon_keep, layout_rooms, erik_lair_dragon
Temple:   hellmonk_temple_flake

Skill      XL: |  1  2  3  4  5  6  7  8  9 10 11 12 |
---------------+-------------------------------------+-----
Stealth        | 2 3 4 |  4.3
Shapeshifting  | 1 2 3 6 8 12 | 12.4
Maces & Flails | 2 3 4 |  4.1
Unarmed Combat | 8 |  8.6
Fighting       | 5 10 | 10.0
Dodging        | 5 6 |  6.5

Action                     |  1- 3 |  4- 6 |  7- 9 | 10-12 || total
---------------------------+-------+-------+-------+-------++-------
  Melee: Unarmed           |    55 |    23 |       |   348 ||   426
         Constrict         |    15 |    42 |    21 |    87 ||   165
         Tentacles         |    11 |    26 |    20 |       ||    57
         Punch             |     1 |       |       |       ||     1
         Whip              |       |   102 |    99 |       ||   201
    Use: Scroll            |       |    12 |     4 |     3 ||    19
         Potion            |       |       |     3 |     6 ||     9
   Stab: Sleeping          |     9 |    12 |     8 |     6 ||    35
         Distracted        |       |     2 |     1 |     1 ||     4
 Armour: Skin              |    20 |    40 |    88 |   201 ||   349
  Dodge: Dodged            |    39 |    52 |    84 |   105 ||   280
  Block: Other             |       |    21 |    27 |    41 ||    89
         Reflection        |       |     1 |     2 |     4 ||     7
   Form: Beast             |     1 |       |       |       ||     1
         Serpent           |       |       |       |     1 ||     1

Table legend: (Time is in decaauts)
 A = Elapsed time spent in this place.
 B = Non-inter-level travel time spent in this place.
 C = Inter-level travel time spent in this place.
 D = Time resting spent in this place.
 E = Time spent auto-exploring this place.
 F = Levels seen in this place.
 G = Mean time per level.
                   A        B        C        D        E       F      G
               +--------+--------+--------+--------+--------+-----+--------+
         Total |   9849 |   9432 |    417 |   1628 |   6209 |  12 |  820.8 |
       Dungeon |   9847 |   9430 |    417 |   1628 |   6209 |  11 |  895.2 |
        Temple |      1 |      1 |      0 |      0 |      0 |   1 |    1.0 |
               +--------+--------+--------+--------+--------+-----+--------+

Top non-repeatable levels by time:
     D:7: 1353 daAuts
     D:6: 1262 daAuts
    D:10: 1062 daAuts
     D:8: 982 daAuts
     D:4: 972 daAuts
     D:5: 895 daAuts
     D:9: 770 daAuts
     D:3: 719 daAuts
    D:11: 689 daAuts
     D:2: 652 daAuts
     D:1: 488 daAuts
  Temple: 1 daAuts
